 Dungeon Crawl Stone Soup version 0.16.1-11-g651b585 (webtiles) character file.

105930 KarvaRausku the Severer (level 15, -12/144 HPs)
             Began as a Minotaur Gladiator on Apr 6, 2015.
             Was the Champion of Yredelemnul.
             Shot with an arrow by a naga sharpshooter (18 damage)
             ... led by Vashnia
             ... on level 3 of the Snake Pit on Apr 7, 2015.
             The game lasted 02:53:31 (28693 turns).

KarvaRausku the Severer (Minotaur Gladiator)       Turns: 28693, Time: 02:53:34

Health: -12/144    AC: 30    Str: 23    XL:     15   Next: 96%
Magic:  6/6        EV: 15    Int:  5    God:    Yredelemnul [******]
Gold:   2999       SH:  0    Dex: 18    Spells: 0 memorised, 14 levels left

rFire  . . .     SeeInvis .     a - +5 battleaxe (flame)
rCold  . . .     Clarity  .     t - +3 plate armour {MR+}
rNeg   . . .     SustAb   .     (no shield)
rPois  .         Gourm    .     R - +0 hat
rElec  .         Spirit   .     T - +2 cloak
rCorr  .         Warding  .     p - +0 pair of gloves
rMut   .         Stasis   .     M - +2 pair of boots {run}
MR     ++...                    A - amulet of regeneration
Stlth  ..........               N - +6 ring of dexterity
                                W - +4 ring of slaying

@: exhausted, slowed, very slow, very resistant to hostile enchantments,
extremely unstealthy
A: retaliatory headbutt, hooves 1, horns 2, deterioration 1, high mp 1, weak 1,
placid magic 1
a: Animate Dead, Recall Undead Slaves, Injury Mirror, Drain Life, Enslave Soul,
Renounce Religion


You were on level 3 of the Snake Pit.
You worshipped Yredelemnul.
Yredelemnul was exalted by your worship.
You were not hungry.

You visited 5 branches of the dungeon, and saw 31 of its levels.

You collected 3287 gold pieces.
You spent 288 gold pieces at shops.

Inventory:

Hand weapons
 a - a +5 battleaxe of flaming (weapon)
 b - a +1 vampiric battleaxe
Missiles
 K - 17 tomahawks
 Q - 11 tomahawks of returning (quivered)
Armour
 p - a +0 pair of gloves (worn)
 t - a +3 plate armour of magic resistance (worn)
 M - a +2 pair of boots of running (worn)
 R - a +0 hat (worn)
 T - a +2 cloak (worn)
Rods
 q - a +0 rod of shadows (10/10)
   (You found it on level 1 of the Lair of Beasts)
Jewellery
 r - an uncursed amulet of warding {unknown}
 v - an uncursed amulet of clarity
 w - an uncursed amulet of the gourmand
 y - an uncursed ring of protection from fire
 A - an amulet of regeneration (around neck)
 D - a +5 ring of intelligence {unknown}
 F - a +3 ring of strength {unknown}
 J - an uncursed ring of poison resistance
 N - a +6 ring of dexterity (right hand)
 O - an uncursed ring of protection from cold {unknown}
 W - a +4 ring of slaying (left hand)
 X - a cursed -5 ring of strength {unknown}
 Y - a +4 ring of strength {unknown}
Magical devices
 c - a wand of random effects (28)
 d - a wand of paralysis (6)
 k - a wand of polymorph (10)
 B - a wand of polymorph (17)
Scrolls
 e - 15 scrolls of remove curse
 l - 5 scrolls of teleportation
 m - 6 scrolls of identify
 n - 2 scrolls of blinking
 o - 2 scrolls of noise
 x - 3 scrolls of enchant weapon
 E - 5 scrolls of recharging
 H - a scroll of fear
 I - 3 scrolls of enchant armour
 U - 2 scrolls of magic mapping
Potions
 h - 3 potions of agility
 i - 9 potions of curing
 j - 5 potions of haste
 z - 4 potions of might
 G - 5 potions of invisibility
 L - 3 potions of heal wounds
 P - a potion of berserk rage
 S - 3 potions of brilliance
 V - a potion of magic
Miscellaneous
 s - a lamp of fire
 C - a plain deck of summoning {drawn: 2}
Comestibles
 f - 5 bread rations
 g - 9 meat rations
 Z - 5 fruits


   Skills:
 + Level 16.1 Fighting
 * Level 18.1 Axes
   Level 8.2 Crossbows
 - Level 2.8 Throwing
 * Level 17.2 Armour
 - Level 11.8 Dodging


You had 14 spell levels left.
You didn't know any spells.

Dungeon Overview and Level Annotations

Branches:
Dungeon (15/15)            Temple (1/1) D:4            Lair (8/8) D:9
 Shoals (0/5) Lair:4        Snake (3/5) Lair:3        Slime (0/6) Lair:8
    Orc (4/4) D:9             Elf (0/3) Orc:4        Vaults (0/5) D:13
 Depths (0/5) D:15

Altars:
Ashenzari
Cheibriados
Dithmenos
Elyvilon
Fedhas
Gozag
Kikubaaqudgha
Makhleb
Nemelex Xobeh
Okawaru
Qazlal
Ru
Sif Muna
Trog
Vehumet
Xom
Yredelemnul
Zin
The Shining One
Beogh
Jiyva

Shops:
D:12 [   D:15 [   Orc:4 [*:(


Innate Abilities, Weirdness & Mutations

You reflexively headbutt those who attack you in melee.
You have a pair of horns on your head.
You have large cloven feet.
Your body is slowly deteriorating.
You have an increased reservoir of magic (+10% MP).
You are weak. (Str -2)
Your spells are a little easier to cast, but a little less powerful.


Message History

The arrow barely misses your skeletal warrior.
The arrow hits you!
* * * LOW HITPOINT WARNING * * *
The naga sharpshooter shoots a poisoned arrow.
The poisoned arrow hits your skeletal warrior!
You see here 3 arrows.
Drink which item? (? for menu, Esc to quit)
You feel better.
The naga sharpshooter casts a spell.
The naga sharpshooter magically shoots an arrow.
The arrow hits you!
* * * LOW HITPOINT WARNING * * *
The naga sharpshooter shoots a poisoned arrow.
The poisoned arrow barely misses your skeletal warrior.
The poisoned arrow barely misses you.
The naga sharpshooter mumbles some strange words.
The naga sharpshooter magically shoots an arrow.
The arrow hits you!!
You die...
Your body rises from the dead as a mindless zombie.

### ### #### ..#
########## ##.##..$.
..###........###.........
..#<..........##@(.......
.........N...((zz........
.........N(.().(Z.(......
.....#'######((((.(......
....##.##...#####.........
....#....Z......#(((......
....#>..........#((.......
....#+....(....##(....####
(....#.........(((..###


You could see 2 naga sharpshooters, 2 friendly skeletal warriors and a friendly
naga zombie.

Vanquished Creatures
  A bone dragon (Snake:1)
  Vashnia (Snake:3)
  An acid blob (Lair:8)
  A ghoul (Snake:1)
  3 ogre magi (D:15)
  Fannar (D:12)
  2 hydras
  A yaktaur captain (D:15)
  A death cob (Snake:1)
  3 naga warriors
  4 anacondas
  2 dancing weapons (D:13)
  4 death yaks
  A centaur warrior (D:11)
  2 tengu warriors (D:14)
  2 naga sharpshooters
  3 shock serpents (Snake:2)
  Nergalle (D:12)
  A wizard (D:14)
  A fire crab (Lair:6)
  2 skeletal warriors
  A naga ritualist (Snake:1)
  3 hill giants
  2 unseen horrors (D:14)
  An orc knight (Orc:4)
  A phantasmal warrior (Snake:1)
  3 mana vipers
  A cyclops (D:14)
  2 salamanders (Snake:2)
  A manticore (Lair:4)
  An orc sorcerer (Orc:4)
  12 ugly things
  3 elephants (Lair:8)
  A centaur zombie (D:11)
  13 black mambas
  6 naga magi
  A centaur skeleton (D:12)
  2 torpor snails
  A guardian serpent (Snake:2)
  10 spiny frogs
  A gargoyle (D:11)
  Psyche (Orc:2)
  A yaktaur (D:15)
  4 fire drakes
  10 komodo dragons
  2 kobold demonologists
  An efreet (D:15)
  3 trolls
  A freezing wraith (Lair:8)
  The ghost of lorenzova the Thaumaturge, an experienced DECj (D:5)
  A red devil (Orc:4)
  A polar bear (Lair:8)
  Prince Ribbit (D:8)
  14 blink frogs
  6 two-headed ogres
  A raven (D:14)
  A trapdoor spider zombie (D:10)
  3 basilisks
  A hungry ghost (D:8)
  A wyvern (D:15)
  40 yaks
  Eustachio (D:4)
  3 wraiths
  7 vampire mosquitoes
  A golden eye (D:9)
  9 hippogriffs
  14 nagas
  5 wolves
  Menkaure (D:6)
  A mottled dragon (D:13)
  5 sky beasts
  4 porcupines
  A swamp drake (Lair:8)
  12 orc warriors
  4 phantoms
  8 ice beasts
  23 water moccasins
  A black bear (D:7)
  An eye of draining (D:13)
  12 ogres
  3 wasps
  11 centaurs
  Sigmund (D:4)
  Duvessa (D:5)
  12 crocodiles
  13 big kobolds
  17 giant frogs
  A wyvern zombie (D:9)
  A gnoll sergeant (D:5)
  A water moccasin zombie (Snake:1)
  5 scorpions
  2 wights (D:12)
  3 water moccasin skeletons
  3 jellies
  A vampire bat (Lair:5)
  7 killer bees
  2 electric eels (Lair:1)
  Dowan (D:5)
  A giant frog zombie (D:10)
  2 orc zombies (Orc:4)
  A quasit (D:15)
  An iron imp (D:4)
  5 crimson imps
  8 iguanas
  11 hounds
  15 orc priests
  3 giant frog skeletons
  11 orc wizards
  A spectral orc (D:12)
  10 worker ants
  28 sheep
  2 hound skeletons
  23 adders
  A worker ant zombie (D:10)
  46 river rats
  5 gnolls
  5 shadow imps
  2 giant mites
  4 worms
  3 adder skeletons
  6 giant geckos
  94 orcs
  A ball python (D:5)
  24 bats
  A bat skeleton (D:4)
  A bat zombie (D:6)
  7 giant cockroaches
  10 goblins
  9 hobgoblins
  20 jackals
  16 quokkas
  A giant gecko skeleton (D:5)
  4 giant newts
  A giant spore (D:9)
  A goblin zombie (D:6)
  2 hobgoblin zombies (D:6)
  32 kobolds
  A kobold skeleton (D:6)
  2 kobold zombies
  An orc skeleton (D:6)
  19 rats
  A ballistomycete (D:10)
  7 fungi
  4 plants
849 creatures vanquished.

Vanquished Creatures (collateral kills)
  An orc warlord (Orc:4)
  Jorgrun (Snake:2)
  Josephine (D:12)
  A fire dragon (Lair:8)
  Harold (D:10)
  4 naga warriors
  2 anacondas
  2 centaur warriors (D:15)
  A catoblepas (Lair:8)
  A death yak (Lair:8)
  4 hydras
  A tengu warrior (D:15)
  An orc high priest (Orc:4)
  2 sun demons (Orc:4)
  A skeletal warrior (Snake:1)
  3 naga ritualists
  An ice statue (Lair:8)
  A cyclops (D:13)
  8 ugly things
  2 orc knights (Orc:4)
  3 hill giants
  A phantasmal warrior (Snake:2)
  2 orc sorcerers (Orc:4)
  2 salamanders
  4 mana vipers
  8 black mambas
  A rust devil (Orc:4)
  5 elephants (Lair:8)
  A griffon (Lair:4)
  Joseph (D:10)
  2 gargoyles
  5 spiny frogs
  2 centaur skeletons
  A naga mage (Snake:2)
  2 komodo dragons (Lair:8)
  A kobold demonologist (D:14)
  An efreet (D:15)
  6 trolls
  2 polar bears (Lair:8)
  2 two-headed ogres
  3 ravens (D:15)
  A hornet zombie (Snake:1)
  9 blink frogs
  2 wraiths (D:12)
  A trapdoor spider (D:11)
  2 black mamba zombies (Snake:1)
  A vampire (Snake:2)
  2 basilisks (Lair:8)
  6 yaks
  7 vampire mosquitoes
  A steam dragon (Lair:8)
  7 nagas
  4 wolves
  2 wargs
  5 hippogriffs
  5 water moccasins
  8 orc warriors
  3 swamp drakes (Lair:8)
  An eye of draining (D:14)
  A black bear (Lair:3)
  9 ice beasts
  7 ogres
  4 centaurs
  A boring beetle (Lair:8)
  5 crocodiles
  A big kobold (D:10)
  5 giant frogs
  3 wights (D:12)
  A killer bee (D:12)
  3 electric eels
  A vampire bat (Lair:5)
  3 hounds
  A crimson imp (D:10)
  2 giant frog zombies
  A jelly (D:11)
  11 orc priests
  5 orc wizards
  A worker ant (D:13)
  An iguana (Lair:8)
  7 sheep (Lair:6)
  A hound skeleton (D:10)
  5 orc zombies (Orc:4)
  2 adders
  A gnoll (Orc:4)
  18 river rats
  A white imp (Lair:8)
  52 orcs
  2 hobgoblins
  A giant spore (D:10)
  2 goblins
  4 kobolds
  A rat (D:10)
  A ballistomycete (D:10)
  10 fungi
  13 plants
348 creatures vanquished.

Vanquished Creatures (others)
  A bone dragon (Snake:3)
  3 death cobs
  5 flayed ghosts
  An ugly thing zombie (D:15)
  2 phantasmal warriors
  A centaur zombie (D:15)
  2 death yak zombies
  A black mamba zombie (Snake:1)
  11 flying skulls
  A wraith (Orc:2)
  2 vampires
  A spiny frog zombie (Lair:6)
  2 spiders (Lair:5)
  A fire drake zombie (Lair:8)
  2 vampire mosquito zombies (D:15)
  4 water moccasin zombies
  A polar bear zombie (Lair:8)
  2 hippogriff zombies
  2 wights
  A scorpion (D:9)
  3 giant frog zombies
  2 wolf zombies
  A boring beetle zombie (Lair:8)
  A wasp zombie (D:9)
  A two-headed ogre zombie (D:15)
  A centaur skeleton (D:12)
  A hound (D:12)
  A human zombie (D:10)
  A sky beast zombie (D:12)
  3 big kobold zombies
  An ogre zombie (D:15)
  A hound zombie (D:7)
  A mummy (Lair:1)
  A worker ant zombie (D:8)
  2 scorpion zombies
  8 sheep zombies
  An adder zombie (Lair:4)
  A sheep skeleton (Lair:6)
  4 bat zombies
  A quokka (Lair:2)
  4 jackal zombies
  5 kobold zombies
  An orc skeleton (D:11)
  24 orc zombies
  4 quokka zombies
  12 river rat zombies
  6 fungi
  5 plants
143 creatures vanquished.

Grand Total: 1340 creatures vanquished

Notes
Turn   | Place    | Note
--------------------------------------------------------------
     0 | D:1      | KarvaRausku, the Minotaur Gladiator, began the quest for the Orb.
     0 | D:1      | Reached XP level 1. HP: 18/18 MP: 1/1
   115 | D:1      | Reached skill level 1 in Armour
   165 | D:1      | Reached XP level 2. HP: 22/25 MP: 1/1
   824 | D:2      | Reached XP level 3. HP: 29/31 MP: 2/2
  1421 | D:2      | Found a deep blue altar of Sif Muna.
  1535 | D:2      | Found an ancient bone altar of Kikubaaqudgha.
  1629 | D:2      | Reached XP level 4. HP: 33/38 MP: 2/2
  2036 | D:3      | Reached skill level 4 in Fighting
  2258 | D:3      | Reached XP level 5. HP: 46/46 MP: 2/2
  2430 | D:3      | Found a blossoming altar of Fedhas.
  2989 | D:4      | Found a staircase to the Ecumenical Temple.
  3020 | Temple   | Entered the Ecumenical Temple
  3219 | Temple   | Became a worshipper of Yredelemnul the Dark
  3249 | D:4      | Found an iron altar of Okawaru.
  3269 | D:4      | Noticed Eustachio
  3292 | D:4      | Killed Eustachio
  3292 | D:4      | Reached skill level 5 in Fighting
  3292 | D:4      | Reached skill level 1 in Crossbows
  3292 | D:4      | Reached XP level 6. HP: 12/56 MP: 3/3
  3518 | D:4      | Noticed Sigmund
  3536 | D:4      | Killed Sigmund
  3680 | D:4      | Found a radiant altar of Vehumet.
  3705 | D:4      | Reached XP level 7. HP: 54/62 MP: 3/3
  3918 | D:5      | Entered Level 5 of the Dungeon
  4046 | D:5      | Found a bloodstained altar of Trog.
  4061 | D:5      | Noticed Dowan
  4062 | D:5      | Noticed Duvessa
  4077 | D:5      | Noticed lorenzova's ghost (experienced DECj)
  4081 | D:5      | Killed Duvessa
  4081 | D:5      | Reached skill level 6 in Fighting
  4081 | D:5      | Reached skill level 5 in Axes
  4090 | D:5      | Killed Dowan
  4398 | D:5      | Reached skill level 7 in Fighting
  4398 | D:5      | Reached skill level 5 in Armour
  4403 | D:5      | Gained mutation: Your body is slowly deteriorating. [mutagenic meat]
  4408 | D:5      | Found a shadowy altar of Dithmenos.
  4412 | D:5      | Gained mutation: You are weak. (Str -2) [mutagenic meat]
  4413 | D:5      | Gained mutation: You have large cloven feet. [mutagenic meat]
  4515 | D:5      | Acquired Yredelemnul's first power
  4666 | D:5      | Reached XP level 8. HP: 54/73 MP: 3/3
  5258 | D:6      | Got a brightly glowing long sword
  5266 | D:6      | Identified the cursed +0 long sword of Plen {speed, rC+} (You found it on level 6 of the Dungeon)
  5312 | D:6      | Found a glowing golden altar of the Shining One.
  5322 | D:6      | Reached skill level 8 in Fighting
  5340 | D:6      | Noticed Menkaure
  5906 | D:7      | Reached skill level 9 in Fighting
  5906 | D:7      | Reached skill level 5 in Crossbows
  5970 | D:7      | Reached XP level 9. HP: 69/83 MP: 4/4
  6281 | D:6      | Found a glowing silver altar of Zin.
  6285 | D:6      | Found an opulent altar of Gozag.
  6514 | D:6      | Killed Menkaure
  6904 | D:8      | Noticed Prince Ribbit
  6917 | D:8      | Killed Prince Ribbit
  7061 | D:8      | Reached skill level 10 in Fighting
  7177 | D:8      | Acquired Yredelemnul's second power
  7177 | D:8      | Reached skill level 5 in Dodging
  7386 | D:9      | Found a staircase to the Lair.
  7803 | D:9      | Reached XP level 10. HP: 92/94 MP: 1/4
  8592 | D:9      | Acquired Yredelemnul's third power
  8768 | D:9      | Found a roughly hewn altar of Beogh.
  8768 | D:9      | Found a staircase to the Orcish Mines.
  8862 | D:8      | HP: 4/94 [orc warrior/scimitar (2)]
  9044 | D:9      | Received a gift from Yredelemnul
  9242 | D:10     | Entered Level 10 of the Dungeon
  9284 | D:10     | Reached skill level 11 in Fighting
  9290 | D:10     | Noticed a hill giant
  9708 | D:10     | Noticed Harold
  9747 | D:10     | Killed Harold
  9747 | D:10     | Reached XP level 11. HP: 26/102 MP: 4/4
 10148 | D:10     | Acquired Yredelemnul's fourth power
 10184 | D:10     | Received a gift from Yredelemnul
 10464 | D:10     | Noticed Joseph
 10472 | D:10     | Killed Joseph
 10668 | D:11     | Noticed a centaur warrior
 10678 | D:11     | Killed a centaur warrior
 10678 | D:11     | Reached skill level 10 in Axes
 10760 | D:11     | Reached skill level 10 in Armour
 10777 | D:11     | Reached skill level 12 in Fighting
 10992 | D:11     | Received a gift from Yredelemnul
 11235 | D:12     | Gained mutation: You have an increased reservoir of magic (+10% MP). [potion of mutation]
 11235 | D:12     | Gained mutation: Your spells are a little easier to cast, but a little less powerful. [potion of mutation]
 11384 | D:12     | Noticed a hill giant
 11392 | D:12     | Killed a hill giant
 11731 | D:12     | Noticed Fannar
 11768 | D:12     | Killed Fannar
 11819 | D:12     | Found Idiast's Armour Emporium.
 11845 | D:12     | Noticed Josephine
 11853 | D:12     | Killed Josephine
 11853 | D:12     | Reached XP level 12. HP: 103/113 MP: 5/5
 11977 | D:12     | Noticed Nergalle
 12011 | D:12     | Killed Nergalle
 12218 | D:12     | Noticed a hill giant
 12224 | D:12     | Killed a hill giant
 12692 | D:5      | Killed lorenzova's ghost
 12976 | Lair:1   | Entered Level 1 of the Lair of Beasts
 13587 | Lair:2   | Received a gift from Yredelemnul
 13613 | Lair:2   | Reached skill level 13 in Fighting
 13888 | Lair:2   | Acquired Yredelemnul's fifth power
 14398 | Lair:3   | Reached skill level 10 in Dodging
 14405 | Lair:3   | Received a gift from Yredelemnul
 14488 | Lair:3   | Found a staircase to the Snake Pit.
 14967 | Lair:3   | Reached XP level 13. HP: 78/122 MP: 5/5
 15641 | Lair:4   | Received a gift from Yredelemnul
 15654 | Lair:4   | Found a staircase to the Shoals.
 15734 | Lair:4   | Received a gift from Yredelemnul
 16026 | Lair:4   | Received a gift from Yredelemnul
 16290 | Lair:4   | Identified a +0 rod of shadows (10/10) (You found it on level 1 of the Lair of Beasts)
 17156 | Lair:6   | Received a gift from Yredelemnul
 17612 | Lair:6   | Reached skill level 14 in Axes
 17679 | Lair:6   | Found an opulent altar of Gozag.
 17705 | Lair:6   | Received a gift from Yredelemnul
 18005 | Lair:7   | Received a gift from Yredelemnul
 18074 | Lair:7   | Received a gift from Yredelemnul
 18804 | Lair:8   | Entered Level 8 of the Lair of Beasts
 18865 | Lair:8   | Received a gift from Yredelemnul
 18945 | Lair:8   | Identified a scroll of acquirement
 18952 | Lair:8   | Identified a +2 pair of boots of running (You acquired it on level 8 of the Lair of Beasts)
 19082 | Lair:8   | Received a gift from Yredelemnul
 19150 | Lair:8   | Received a gift from Yredelemnul
 19152 | Lair:8   | Reached XP level 14. HP: 52/133 MP: 3/5
 19477 | Lair:8   | Reached skill level 15 in Axes
 19729 | Lair:8   | Received a gift from Yredelemnul
 20065 | Lair:8   | Noticed an acid blob
 20079 | Lair:8   | Killed an acid blob
 20120 | Lair:8   | Found a viscous altar of Jiyva.
 20121 | Lair:8   | Found a staircase to the Slime Pits.
 20417 | Orc:1    | Entered Level 1 of the Orcish Mines
 20423 | Orc:1    | Received a gift from Yredelemnul
 20486 | Orc:2    | Received a gift from Yredelemnul
 20587 | Orc:2    | Noticed Psyche
 20592 | Orc:2    | Killed Psyche
 20935 | Orc:3    | Found a radiant altar of Vehumet.
 21072 | Orc:3    | Received a gift from Yredelemnul
 21272 | Orc:4    | Entered Level 4 of the Orcish Mines
 21433 | Orc:4    | Noticed an orc warlord
 21433 | Orc:4    | Found a roughly hewn altar of Beogh.
 21434 | Orc:4    | Received a gift from Yredelemnul
 21439 | Orc:4    | Killed an orc warlord
 21610 | Orc:3    | Received a gift from Yredelemnul
 21641 | Orc:3    | Found a bloodstained altar of Trog.
 21728 | Orc:3    | You fall through a shaft!
 21782 | Orc:4    | Found Jeuheapp's Antique Armour Shoppe.
 21789 | Orc:4    | Found Opsaimam's General Store.
 21798 | Orc:4    | Found Hiahes' Antique Weapon Shoppe.
 21801 | Orc:4    | Found a staircase to the Elven Halls.
 22007 | Orc:4    | Found Did Irad's Book Shoppe.
 22061 | Orc:4    | Bought a runed cloak for 144 gold pieces
 22061 | Orc:4    | Bought a glowing cloak for 144 gold pieces
 22132 | Orc:4    | Received a gift from Yredelemnul
 22567 | D:10     | Your ally Joseph died
 22923 | D:13     | Found a gate to the Vaults.
 23998 | D:14     | Reached skill level 16 in Axes
 24049 | D:14     | Reached skill level 15 in Armour
 24260 | D:14     | Reached skill level 15 in Fighting
 24640 | D:15     | Entered Level 15 of the Dungeon
 24791 | D:15     | Received a gift from Yredelemnul
 24921 | D:15     | Received a gift from Yredelemnul
 24931 | D:15     | Reached XP level 15. HP: 138/141 MP: 6/6
 24969 | D:15     | Received a gift from Yredelemnul
 25111 | D:15     | Found a staircase to the Depths.
 25308 | D:15     | Found Tianuamu's Antique Armour Shop.
 25465 | D:15     | Reached skill level 17 in Axes
 25898 | Snake:1  | Entered Level 1 of the Snake Pit
 26169 | Snake:1  | Received a gift from Yredelemnul
 26340 | Snake:1  | Was placed under penance by Yredelemnul
 27146 | Snake:2  | Noticed Jorgrun
 27158 | Snake:2  | Killed Jorgrun
 27472 | Snake:2  | Was forgiven by Yredelemnul
 27531 | Snake:2  | Received a gift from Yredelemnul
 28470 | Snake:3  | Reached skill level 18 in Axes
 28528 | Snake:3  | Noticed Vashnia
 28686 | Snake:3  | Killed Vashnia
 28693 | Snake:3  | HP: 6/144 [naga sharpshooter/arrow[Vashnia] (13)]
 28693 | Snake:3  | Shot with an arrow by a naga sharpshooter

Action                   |  1- 3 |  4- 6 |  7- 9 | 10-12 | 13-15 || total
-------------------------+-------+-------+-------+-------+-------++-------
Melee: War axe           |    77 |   125 |   413 |   442 |       ||  1057
       Unarmed           |       |       |     4 |       |       ||     4
       Battleaxe         |       |       |       |   352 |   957 ||  1309
 Fire: Hand crossbow     |       |       |       |    19 |     3 ||    22
Throw: Throwing net      |       |       |     6 |     6 |       ||    12
       Tomahawk          |       |       |       |    15 |     8 ||    23
Invok: Animate Remains   |       |       |    13 |     3 |       ||    16
       Animate Dead      |       |       |       |    44 |    81 ||   125
       Recall Undead Sla |       |       |       |     2 |    11 ||    13
       Stop Recall       |       |       |       |       |     3 ||     3
Evoke: Wand              |       |       |     1 |     4 |     1 ||     6
       Sack of spiders   |       |       |       |       |     3 ||     3
       Deck              |       |       |       |       |     2 ||     2
       Fan of gales      |       |       |       |       |     1 ||     1
  Use: Potion            |       |     1 |     1 |    13 |    15 ||    30
       Scroll            |       |       |     6 |    21 |    20 ||    47
 Stab: Distracted        |       |       |     1 |     5 |    20 ||    26
       Held in net/web   |       |       |       |       |     1 ||     1
  Eat: Chunk             |     1 |     8 |    21 |    21 |    32 ||    83
       Royal jelly       |       |       |     1 |       |     1 ||     2
       Beef jerky        |       |       |       |     2 |     1 ||     3
       Meat ration       |       |       |       |     3 |     5 ||     8
       Pizza             |       |       |       |       |     3 ||     3
       Bread ration      |       |       |       |       |     4 ||     4
